 Dungeon Crawl Stone Soup version 0.25.0-1-g7eea58d (webtiles) character file.

Game seed: 2960810946943337020

728 GeorgeSoros the Chopper (level 7, -1/66 HPs)
             Began as a Deep Dwarf Monk on June 13, 2020.
             Was a Believer of Makhleb.
             Slain by an iguana (6 damage)
             ... on level 5 of the Dungeon on June 15, 2020.
             The game lasted 00:14:54 (3643 turns).

GeorgeSoros the Chopper (Deep Dwarf Monk)           Turns: 3643, Time: 00:14:54

Health: -1/66      AC: 11    Str: 17    XL:     7   Next: 44%
Magic:  7/7        EV:  7    Int: 10    God:    Makhleb [**....]
Gold:   168        SH:  0    Dex: 15    Spells: 6/6 levels left

rFire    . . .     SeeInvis .   a - +0 hand axe
rCold    . . .     Gourm    .   (no shield)
rNeg     . . .     Faith    .   n - +0 plate armour
rPois    .         Spirit   .   (no helmet)
rElec    .         Reflect  .   (no cloak)
rCorr    .         Harm     .   (no gloves)
MR       +....                  (no boots)
Stlth    ..........             (no amulet)
HPRegen  0.00/turn              (no ring)
MPRegen  0.10/turn              (no ring)

@: non-regenerating
A: damage resistance, heal wounds, sense surroundings 1, no regeneration
a: Heal Wounds, Minor Destruction, Renounce Religion


You were on level 5 of the Dungeon.
You worshipped Makhleb.
Makhleb was pleased with you.
You were hungry.

You visited 2 branches of the dungeon, and saw 6 of its levels.

You collected 168 gold pieces.

Inventory:

Hand Weapons
 a - a +0 hand axe (weapon)
 f - a +2 vampiric dagger
 p - a +1 hand axe of electrocution
Armour
 b - a +0 robe
 h - a +1 chain mail
 n - a +0 plate armour (worn)
Wands
 o - a wand of iceblast (2)
 q - a wand of polymorph (12)
Scrolls
 i - a scroll of identify
 l - 3 scrolls of teleportation
 m - a scroll of enchant armour
Potions
 d - a potion of invisibility
 e - 2 potions of lignification
 g - 3 potions of brilliance
 j - 2 potions of curing
 k - a potion of cancellation
Comestibles
 c - 6 rations


   Skills:
 + Level 4.8 Fighting
 + Level 5.7 Axes
 + Level 4.2 Armour
 - Level 4.0 Dodging
 - Level 2.4 Stealth
 + Level 3.6 Evocations


You had 6 spell levels left.
You didn't know any spells.
Your spell library was empty.

Dungeon Overview and Level Annotations

Branches:
Dungeon (5/15)             Temple (1/1) D:4

Altars:
Ashenzari
Cheibriados
Dithmenos
Fedhas
Gozag
Hepliaklqana
Kikubaaqudgha
Makhleb
Nemelex Xobeh
Okawaru
Qazlal
Ru
Sif Muna
Trog
Uskayaw
Wu Jian
Xom
Yredelemnul
Zin

Annotations:
D:2 Sigmund


Innate Abilities, Weirdness & Mutations

You are resistant to damage.
You can heal yourself by infusing magical energy.
You passively map a small area around you.
You do not regenerate.


Message History

The iguana barely misses you.
The iguana bites you but does no damage.
The iguana bites you.
The iguana bites you but does no damage.
The iguana bites you.
* * * LOW HITPOINT WARNING * * *
The iguana closely misses you. The iguana bites you!
* * * LOW HITPOINT WARNING * * *
The iguana bites you but does no damage.
The iguana barely misses you. The iguana closely misses you.
The iguana barely misses you. The iguana closely misses you.
The iguana bites you but does no damage.
The iguana bites you but does no damage.
The iguana bites you.
* * * LOW HITPOINT WARNING * * *
The iguana bites you!
You die...

* * ## ..# ,* *
* * ... ..# , ,
...,.. * ,#.#
.. , #,#.# .#
** #.#.#*.# ,
#.#.##l#
#....@.#
###.#### *
##.#### *
#...#.##
###......####,,
,, ,
#...........+,
, #........####
, #.......##
###...### * *


You could see an iguana.

Vanquished Creatures
  A water moccasin (D:4)
  A phantom (D:4)
  2 water moccasin skeletons (D:4)
  2 scorpions
  A howler monkey (D:4)
  A bullfrog zombie (D:5)
  An orc priest (D:4)
  An orc wizard (D:4)
  A worker ant (D:4)
  A hound skeleton (D:4)
  3 gnolls (D:3)
  5 adders
  An ooze (D:5)
  2 worms (D:3)
  2 dart slugs
  4 leopard geckos
  16 orcs
  8 bats
  A giant cockroach (D:3)
  9 goblins
  4 hobgoblins
  6 jackals
  A quokka (D:5)
  3 frilled lizards
  5 kobolds
  4 rats
86 creatures vanquished.

Notes
Turn   | Place    | Note
-------+----------+-------------------------------------------
     0 | D:1      | GeorgeSoros the Deep Dwarf Monk began the quest for the
                  | Orb.
     0 | D:1      | Reached XP level 1. HP: 20/20 MP: 1/1
   104 | D:1      | Reached XP level 2. HP: 25/27 MP: 2/2
   668 | D:2      | Reached XP level 3. HP: 26/34 MP: 3/3
   848 | D:2      | Found a shattered altar of Ashenzari.
  1248 | D:2      | Noticed Sigmund
  1366 | D:3      | Reached skill level 1 in Armour
  1379 | D:3      | Reached skill level 4 in Axes
  1407 | D:3      | Reached XP level 4. HP: 34/42 MP: 4/4
  1445 | D:3      | Found a blossoming altar of Fedhas.
  1782 | D:3      | Reached XP level 5. HP: 48/50 MP: 5/5
  2100 | D:4      | Noticed a phantom
  2229 | D:4      | Killed a phantom
  2229 | D:4      | Reached skill level 1 in Evocations
  2229 | D:4      | Reached XP level 6. HP: 31/57 MP: 4/6
  2289 | D:4      | Found a shimmering blue altar of Sif Muna.
  2324 | D:4      | Reached skill level 5 in Axes
  2606 | D:4      | Noticed a water moccasin
  2630 | D:4      | Reached XP level 7. HP: 51/66 MP: 5/7
  2860 | D:4      | Found a staircase to the Ecumenical Temple.
  2866 | Temple   | Entered the Ecumenical Temple
  2987 | Temple   | Became a worshipper of Makhleb the Destroyer
  2987 | Temple   | Reached * piety under Makhleb
  2987 | Temple   | Reached ** piety under Makhleb
  3259 | D:5      | Entered Level 5 of the Dungeon
  3643 | D:5      | Slain by an iguana

Illustrated notes

Levels and vault maps discovered:
D:1:      dpeg_arrival_windows_large_door, layout_basic, serial_park_tiny_2
D:2:      layout_basic, ashenzari_conservatory_becter, uniq_sigmund
D:3:      layout_rooms, fedhas_altar_1, first_ration
D:4:      layout_gridville, minmay_temple_entry_fiery, mrwooster_statue_mirror,
          lemuel_altar_in_water
D:5:      layout_loops_corners
Temple:   hc_temple_tempest_star

Skill      XL: |  1  2  3  4  5  6  7 |
---------------+----------------------+-----
Fighting       | 3 4 |  4.8
Armour         | 1 2 3 4 |  4.2
Axes           | 4 5 |  5.7
Dodging        | 4 |  4.0
Evocations     | 1 2 3 |  3.6
Stealth        | |  2.4

Action                   |  1- 3 |  4- 6 |  7- 9 || total
-------------------------+-------+-------+-------++-------
Melee: Hand axe          |   162 |   241 |   108 ||   511
 Abil: Heal Wounds       |     2 |     5 |     2 ||     9
  Use: Scroll            |     4 |     7 |       ||    11
 Stab: Sleeping          |     1 |       |       ||     1
  Eat: Chunk             |     1 |     5 |     3 ||     9
Armor: Robe              |     5 |       |       ||     5
       Chain mail        |    69 |    48 |       ||   117
       Plate armour      |       |   122 |    86 ||   208
Dodge: Dodged            |    71 |    72 |    45 ||   188
